 Dungeon Crawl Stone Soup version 0.29.1-12-g30fa7ad0bf (webtiles) character file.

Game seed: 7003385158021697604

1182 fishmans the Basher (level 8, -1/61 HPs)
             Began as a Gargoyle Fighter on Jan 10, 2023.
             Was a Priest of Hepliaklqana.
             Slain by a wyvern (6 damage)
             ... on level 6 of the Dungeon.
             The game lasted 00:20:36 (6219 turns).

fishmans the Basher (Gargoyle Fighter)              Turns: 6219, Time: 00:20:36

Health: -1/61      AC: 15    Str: 22    XL:     8   Next: 42%
Magic:  9/9        EV: 11    Int: 15    God:    Hepliaklqana [***...]
Gold:   148        SH:  4    Dex:  9    Spells: 7/7 levels left

rFire   . . .      SeeInvis .   a - +0 flail
rCold   . . .      Faith    .   c - +0 buckler
rNeg    + . .      Spirit   .   h - +1 chain mail
rPois   ∞          Reflect  .   (no helmet)
rElec   +          Harm     .   (no cloak)
rCorr   .          Rampage  .   (no gloves)
Will    .....                   (no boots)
Stlth   ..........              (no amulet)
HPRegen 0.20/turn               g - +4 ring of evasion
MPRegen 0.11/turn               y - +6 ring of intelligence

@: berserking, very quick
A: reduced essence, sickness immunity, AC +5, negative energy resistance 1,
electricity resistance, torment resistance 1, petrification resistance
a: Renounce Religion, Recall Ancestor, Ancestor Identity, Transference


You were on level 6 of the Dungeon.
You worshipped Hepliaklqana.
Hepliaklqana was most pleased with you.
You visited 1 branch of the dungeon, and saw 6 of its levels.

You collected 148 gold pieces.

Inventory:

Hand Weapons
 a - a +0 flail (weapon)
Missiles
 v - 2 curare-tipped darts (quivered)
Armour
 c - a +0 buckler (worn)
 h - a +1 chain mail (worn)
Jewellery
 g - a +4 ring of evasion (left hand)
 t - a ring of protection from fire
 y - a +6 ring of intelligence (right hand)
Wands
 x - a wand of polymorph (9)
Scrolls
 e - 2 scrolls of teleportation
Potions
 b - 3 potions of cancellation
 d - a potion of might
 f - a potion of haste
 i - 2 potions of mutation
 j - 3 potions of degeneration
 k - a potion of invisibility
 l - 2 potions of resistance
 m - a potion of brilliance
 p - a potion of heal wounds {unknown}
 q - a potion of ambrosia {unknown}
 r - a potion of curing {unknown}
 u - a potion of flight {unknown}
 w - a potion of lignification {unknown}


   Skills:
 - Level 3.2 Fighting
 * Level 9.7 Maces & Flails
 - Level 3.2 Armour
 - Level 3.2 Shields
 + Level 2.2 Invocations


You had 7 spell levels left.
You didn't know any spells.
Your spell library contained the following spells:

 Spells                   Type           Power      Damage    Failure   Level
 Ignite Poison            Fire/Tmut/Pois 0%         N/A       100%        3
 Mephitic Cloud           Conj/Pois/Air  0%         N/A       100%        3
 Freezing Cloud           Conj/Ice/Air   0%         6-21      100%        5


Dungeon Overview and Level Annotations

Branches:
Dungeon (6/15)             Temple (0/1) D:5

Altars:
Gozag
Hepliaklqana
Ru
Sif Muna
Wu Jian

Shops:
D:2 =   D:4 *


Innate Abilities, Weirdness & Mutations

Your life essence is reduced to manifest your ancestor. (-10% HP)
You are immune to sickness and miasma.
Your stone body is resilient. (AC +5)
You are immune to poison.
You resist negative energy. (rN+)
You are resistant to electric shocks. (rElec)
You are resistant to unholy torment.
You are immune to petrification.


Message History

Chakide hits the wyvern with a +0 flail!
The wyvern closely misses Chakide.
Chakide hits the wyvern with a +0 flail.
The wyvern barely misses Chakide.
The wyvern bites Chakide!
Chakide is destroyed!
You hit the wyvern but do no damage.
The wyvern is heavily wounded.
The wyvern barely misses you.
You hit the wyvern but do no damage.
The wyvern is heavily wounded.
The wyvern bites you.
You barely miss the wyvern.
The wyvern is heavily wounded.
The wyvern barely misses you. The wyvern bites you!
You thump the wyvern!
The wyvern is severely wounded.
The wyvern hisses menacingly.
The wyvern bites you!
* * * LOW HITPOINT WARNING * * *
You hit the wyvern but do no damage.
The wyvern is severely wounded.
You feel a little less clever now. The wyvern misses you. The wyvern bites you.
* * * LOW HITPOINT WARNING * * *
You hit the wyvern but do no damage.
The wyvern is severely wounded.
The wyvern bites you but does no damage.
You hit the wyvern but do no damage.
The wyvern is severely wounded.
The wyvern barely misses you. The wyvern misses you.
You sock the wyvern!
The wyvern is almost dead.
The wyvern bites you.
* * * LOW HITPOINT WARNING * * *
A red film seems to cover your vision as you go berserk!
You feel yourself moving faster!
You feel mighty!
The wyvern bites you but does no damage.
The wyvern bites you.
You die...

## .+ #+#.###
#.....#
##+##.....+
#...#.....#
#+#...#l#
#......@#
###...###
##.+...'.#
##..#####.#+#
#.....#.....#
#.....'.....#
#.....#.....#
#.....###.#+#
#.......+.#


You could see a wyvern.

Vanquished Creatures
  A scorpion (D:4)
  A jelly (D:5)
  2 iguanas
  2 orc wizards (D:3)
  4 adders
  A gnoll (D:4)
  A worm (D:2)
  2 bats (D:1)
  2 endoplasms
  2 giant cockroaches (D:1)
  6 goblins
  3 hobgoblins
  4 kobolds
  A quokka (D:5)
  2 ball pythons
  3 frilled lizards
  A rat (D:1)
38 creatures vanquished.

Vanquished Creatures (collateral kills)
  2 black bears
  An ice beast (D:5)
  An ogre (D:5)
  A centaur (D:6)
  A scorpion (D:4)
  A howler monkey (D:3)
  A gnoll bouda (D:4)
  An orc priest (D:3)
  Crazy Yiuf (D:4)
  3 iguanas
  An orc wizard (D:3)
  Robin (D:3)
  2 gnolls (D:4)
  8 adders
  A dart slug (D:2)
  15 orcs
  A ball python (D:3)
  5 endoplasms
  A giant cockroach (D:4)
  5 goblins
  11 hobgoblins
  3 kobolds
  2 quokkas
  A frilled lizard (D:2)
  A rat (D:3)
71 creatures vanquished.

Vanquished Creatures (others)
  2 knights
  An ancestor (D:3)
  4 plants
7 creatures vanquished.

Grand Total: 116 creatures vanquished

Notes
Turn   | Place    | Note
-------+----------+-------------------------------------------
     0 | D:1      | fishmans the Gargoyle Fighter began the quest for the Orb.
     0 | D:1      | Reached XP level 1. HP: 14/14 MP: 1/1
   294 | D:1      | Reached XP level 2. HP: 9/19 MP: 2/2
   785 | D:1      | Found a faded altar of an unknown god.
   910 | D:1      | Prayed at the altar of an unknown god.
   910 | D:1      | Became a worshipper of Hepliaklqana the Forgotten
   910 | D:1      | Reached * piety under Hepliaklqana
   989 | D:1      | Reached skill level 3 in Maces & Flails
  1481 | D:2      | Found Hamolepnewk's Jewellery Shop.
  1561 | D:2      | Reached XP level 3. HP: 14/20 MP: 3/3
  2006 | D:2      | Reached skill level 4 in Maces & Flails
  2065 | D:2      | Reached XP level 4. HP: 25/25 MP: 4/4
  2210 | D:3      | Noticed Robin
  2343 | D:3      | Found a shimmering blue altar of Sif Muna.
  2343 | D:3      | Found an opulent altar of Gozag.
  2378 | D:3      | Killed Robin
  2513 | D:3      | Reached ** piety under Hepliaklqana
  2514 | D:3      | Remembered your ancestor Chakide as a knight
  2560 | D:3      | Reached skill level 5 in Maces & Flails
  2560 | D:3      | Reached XP level 5. HP: 28/28 MP: 5/5
  2803 | D:3      | Reached skill level 6 in Maces & Flails
  2803 | D:3      | Reached XP level 6. HP: 31/33 MP: 6/6
  2917 | D:3      | Found a sacrificial altar of Ru.
  3422 | D:4      | Reached skill level 7 in Maces & Flails
  3565 | D:4      | Found Quita's Mass Market.
  3750 | D:4      | Reached XP level 7. HP: 31/36 MP: 7/7
  4111 | D:4      | Found a runed translucent door.
  4112 | D:4      | Noticed Crazy Yiuf
  4207 | D:4      | Reached *** piety under Hepliaklqana
  4285 | D:4      | Reached skill level 8 in Maces & Flails
  4457 | D:4      | Killed Crazy Yiuf
  4597 | D:5      | Entered Level 5 of the Dungeon
  4605 | D:5      | Found a staircase to the Ecumenical Temple.
  5055 | D:5      | Reached skill level 9 in Maces & Flails
  5055 | D:5      | Reached XP level 8. HP: 26/41 MP: 8/8
  5399 | D:5      | Reached skill level 1 in Invocations
  5827 | D:5      | Found an ornate altar of the Wu Jian Council.
  6205 | D:6      | Noticed a wyvern
  6219 | D:6      | Slain by a wyvern

Illustrated notes

Levels and vault maps discovered:
D:1:      amcnicky_arrival_gap_in_the_tavern_cellar, layout_basic,
          shapermc_ecumenical_altar_flowoftime, minmay_misc_feat_five
D:2:      layout_rooms, serial_shops, nicolae_shop_stone
D:3:      layout_loops_ring, gammafunk_temple_overflow_forgotten, uniq_robin
D:4:      layout_loops_corners, serial_bayou_pond_a, minmay_shop_mass,
          uniq_crazy_yiuf_cottage
D:5:      layout_layer_cave, lemuel_round_altar, minmay_temple_entry_ruins,
          nicolae_figureground_sparkle
D:6:      nicolae_cairo_tiling_large, layout_gridville, gup_sewer_entry_bubbles

Skill      XL: |  1  2  3  4  5  6  7  8 |
---------------+-------------------------+-----
Maces & Flails | 3 4 5 6 7 9 |  9.7
Invocations    | 2 |  2.2
Fighting       | |  3.2
Armour         | |  3.2
Shields        | |  3.2

Action                   |  1- 3 |  4- 6 |  7- 9 || total
-------------------------+-------+-------+-------++-------
Melee: Flail             |    71 |    55 |    38 ||   164
Invok: Recall Ancestor   |     1 |     1 |       ||     2
       Ancestor Identity |     1 |       |       ||     1
       Ancestor Life: Kn |       |     1 |       ||     1
  Use: Scroll            |     2 |     4 |     7 ||    13
       Potion            |       |     1 |     2 ||     3
Armor: Scale mail        |    23 |       |       ||    23
       Chain mail        |     8 |    23 |    18 ||    49
Dodge: Dodged            |    30 |    30 |    32 ||    92
Block: Buckler           |    11 |     9 |     5 ||    25
